[Event "15. ročník Dobrovický rapid Tereos TTD a.s."]
[Site "Dobrovice, Czech Republic"]
[Date "2020.02.29"]
[Round "5.2"]
[White "Kourousis Epaminondas"]
[Black "Velicka Petr"]
[Result "1-0"]
[TimeControl "15m + 3s / tah"]
[WhiteElo "2406"]
[BlackElo "2395"]

1. d4 d5 2. Bf4 Nf6 3. Nc3 c6 4. f3 Bf5 5. g4 Bg6 6. h4 h5 7. g5 Nfd7 8. e3 e6 9. Bd3 Bxd3 10. Qxd3 g6 11. Nge2 a6 12. e4 Be7 13. O-O-O b5 14. Kb1 Qa5 15. Nc1 b4 16. Nb3 Qb6 17. Na4 Qb5 18. Nac5 Nxc5 19.
Nxc5 Bxc5 20. dxc5 Qxd3 21. Rxd3 a5 22. Bd6 Kd7 23. Kc1 Na6 24. Kd2 Nc7 25. Ra1 Nb5 26. Be5 Rhd8 27. a3 bxa3 28. bxa3 a4 29. c4 Nc7 30.
Rb1 Kc8 31. Rb6 dxc4 32. Rd6 Rxd6+ 33. cxd6 Nb5 34. Rxc6+ Kb7 35. Rxc4 Kb6 36. Bd4+ Nxd4 37. Rxd4 e5 38. Rd5 Kc6 39. d7 Rd8 40. Kc3 Kc7 41. Kc4 Kc6 42. Rd3 Kb7 43.
Kb5 Kc7 44. Kc5 Kc6+ 1-0

[Event "15. ročník Dobrovický rapid Tereos TTD a.s."]
[Site "Dobrovice, Czech Republic"]
[Date "2020.02.29"]
[Round "5.3"]
[White "Szeko Ludovit"]
[Black "Burdalev Kirill"]
[Result "0-1"]
[TimeControl "15m + 3s / tah"]
[WhiteElo "2051"]
[BlackElo "2334"]

1. e4 Nf6 2. e5 Nd5 3. Nc3 Nxc3 4. dxc3 d6 5. exd6 Qxd6 6. Qxd6 cxd6 7. Be3 Nc6 8. O-O-O g6 9. Nf3 Bg7 10.
h3 O-O 11. Nd4 Bd7 12. Be2 Rac8 13. Rhe1 Ne5 14. Nf3 Nc6 15. Nd4 a6 16. Bf3 b5 17. Nxc6 Bxc6 18. Bxc6 Rxc6 19. Bd4 e5 20. Be3 f5 21. f3 Kf7 22. Re2 Ke6 23. Kb1 d5 24. Rde1 e4 25. Bg1 Rd8 26. Bf2 Rd7 27.
Bg1 Kf7 28. Bf2 Re6 29. Bc5 Be5 30. g4 Bg3 31. Bf2 Bxf2 32. Rxf2 e3 33. Rg2 f4 34. Kc1 d4 35. cxd4 Rxd4 36. c3 Rd3 37. Rd1 Rxd1+ 38. Kxd1 Rd6+ 39. Kc2 Kf6 40. h4 Ke5 41. b3 Kd5 42. g5 Kc5 43.
Re2 Rd5 44. Rg2 a5 45. Re2 b4 46. c4 Rd7 47. Rg2 a4 48. Re2 axb3+ 49. axb3 Ra7 50. Kd3 Ra3 51. Rb2 Ra7 52. Ke4 Rd7 53.
Rb1 Rd4+ 54. Ke5 e2 55. Re1 Rd2 56. Kxf4 Kd4 57. c5 Kd3 58. c6 Rc2 59. Kg3 Ke3 60.
f4 Rxc6 61. h5 Rd6 62. hxg6 hxg6 0-1

[Event "15. ročník Dobrovický rapid Tereos TTD a.s."]
[Site "Dobrovice, Czech Republic"]
[Date "2020.02.29"]
[Round "5.4"]
[White "Sorm Daniel"]
[Black "Divis Jaroslav"]
[Result "1-0"]
[TimeControl "15m + 3s / tah"]
[WhiteElo "2310"]
[BlackElo "2029"]

1. d4 d5 2. c4 c6 3. Nc3 Nf6 4. Nf3 e6 5. Qc2 Be7 6. cxd5 cxd5 7. Bf4 O-O 8. e3 Bd7 9. Bd3 Nc6 10.
a3 a6 11. O-O h6 12. h3 Rc8 13. Rac1 Qa5 14. Ne5 Nxe5 15. dxe5 Nh5 16. Bh2 g6 17. Qd2 g5 18. Bb1 f5 19.
exf6 Nxf6 20. Qd3 Be8 21. Nxd5 Rd8 22. Nxe7+ Kf7 23. Bd6 1-0

[Event "15. ročník Dobrovický rapid Tereos TTD a.s."]
[Site "Dobrovice, Czech Republic"]
[Date "2020.02.29"]
[Round "5.5"]
[White "Hosticka Frantisek"]
[Black "Zemlicka Vit"]
[Result "1-0"]
[TimeControl "15m + 3s / tah"]
[WhiteElo "2106"]
[BlackElo "1915"]

1. e4 g6 2. d4 Bg7 3. c3 d5 4. exd5 Qxd5 5. Nf3 Nf6 6. Be2 O-O 7. O-O Qd8 8. Nbd2 Bf5 9.
Qb3 Qc8 10. Re1 Be6 11. Qa3 Re8 12. Nc4 Nbd7 13. Ng5 Bd5 14. Ne3 Bc6 15. c4 e6 16. Nf3 b6 17. b4 a5 18. b5 Bb7 19. Bb2 Ne4 20. Qd3 Ndf6 21.
Ne5 Rd8 22. Qc2 Nd6 23. a4 Be4 24. Qb3 Nd7 25. Nxd7 Qxd7 26. Rad1 Qe8 27. c5 Nf5 28. Nxf5 gxf5 29. Bc4 Qe7 30.
f3 Bb7 31. c6 Bc8 32. Kh1 Qf6 33. Re2 Qg6 34. d5 e5 35. Bxe5 Re8 36. Bxg7 Rxe2 37. Bxe2 1-0

[Event "15. ročník Dobrovický rapid Tereos TTD a.s."]
[Site "Dobrovice, Czech Republic"]
[Date "2020.02.29"]
[Round "5.6"]
[White "Melich Jindrich"]
[Black "Suran Jan"]
[Result "0-1"]
[TimeControl "15m + 3s / tah"]
[WhiteElo "1952"]
[BlackElo "2335"]

1. b4 d5 2. Bb2 Nf6 3. e3 e6 4. b5 c5 5. c4 Be7 6. Nf3 O-O 7. Be2 b6 8. O-O Bb7 9. d3 Nbd7 10. Nbd2 Qc7 11. Qc2 Rad8 12.
Rfd1 Rfe8 13. Rac1 Qb8 14. Qb1 Bd6 15. Qa1 h6 16. h3 Qa8 17. a4 a5 18. bxa6 Bxa6 19. Bc3 e5 20. cxd5 Nxd5 21.
Nc4 Nxc3 22. Qxc3 Bc7 23. Nfd2 Bb7 24. Bf3 Bxf3 25. Nxf3 Qxa4 26. Ra1 Qc6 27. e4 g6 28. Ra6 Re6 29. Rb1 Qb7 30. Qa3 Nb8 31. Ra7 Qc8 32.
Qb3 Nc6 33. Raa1 Nb4 34. Rd1 Qb7 35. Qc3 Qb8 36. Qc1 Kg7 37. Qc3 Kh7 38. Na3 Re7 39. Nb5 Nc6 40. Qc4 Kg7 41. Ra3 Red7 42. Ne1 Na5 43. Qc2 c4 44. Nxc7 Qxc7 45. Rc1 cxd3 46. Qxc7 Rxc7 47. Nxd3 0-1

[Event "15. ročník Dobrovický rapid Tereos TTD a.s."]
[Site "Dobrovice, Czech Republic"]
[Date "2020.02.29"]
[Round "5.7"]
[White "Stursa Jan"]
[Black "Kaderabek Jiri"]
[Result "0-1"]
[TimeControl "15m + 3s / tah"]
[WhiteElo "1943"]
[BlackElo "2105"]

1. c4 e5 2. Nc3 Nf6 3. g3 Bb4 4. Bg2 Bxc3 5. bxc3 O-O 6. Nf3 Nc6 7. O-O d6 8. h3 Be6 9. d3 a6 10.
Ng5 Bd7 11. Rb1 h6 12. Ne4 Nxe4 13. dxe4 b6 14. Kh2 Be6 15. Qd3 Na5 16. Rb4 c5 17. Rb2 Nxc4 18. Rc2 b5 19. f4 f6 20.
e3 Qe7 21. g4 Rad8 22. Rd1 Rd7 23. Qe2 Rfd8 24. Rd5 Bxd5 25. exd5 e4 26. Qd1 Re8 27. Bf1 Nb6 28. Rg2 g5 29.
fxg5 fxg5 30. c4 Qe5+ 31. Kh1 bxc4 32. Bb2 c3 33. Ba1 Rf7 34. Bxa6 c4 35. Qc2 Ref8 36. Bxc3 Rf1+ 37. Rg1 Rxg1+ 38. Kxg1 Qg3+ 39. Qg2 Qxe3+ 0-1

[Event "15. ročník Dobrovický rapid Tereos TTD a.s."]
[Site "Dobrovice, Czech Republic"]
[Date "2020.02.29"]
[Round "5.8"]
[White "Janous Petr"]
[Black "Zahorbensky Jaroslav"]
[Result "0-1"]
[TimeControl "15m + 3s / tah"]
[WhiteElo "1931"]
[BlackElo "2105"]

1. e4 g6 2. d4 Nf6 3. Nc3 d5 4. exd5 Nxd5 5. Nxd5 Qxd5 6.
Nf3 Bg4 7. Be2 Nc6 8. O-O Bg7 9. Be3 O-O 10. c3 Rad8 11. Re1 a5 12. Qa4 e6 13. h3 Bf5 14. Nd2 e5 15. c4 Qd7 16.
d5 Nb4 17. Qxd7 Rxd7 18. g4 Bd3 19. a3 Bxe2 20. axb4 Bd3 21. bxa5 f5 22. Bc5 Re8 23. Ra3 e4 24. Rb3 c6 25.
d6 Bh6 26. Nf1 Bxc4 27. Rc3 Bb5 28. Ne3 f4 29. Nc4 Bg7 30. Nb6 Rdd8 31. Rb3 Re5 32. Bd4 Re6 33. Bxg7 Kxg7 34. d7 Kf7 35. Rb4 Bd3 36. f3 c5 37. Ra4 g5 38. fxe4 Ke7 39.
b3 Bb5 40. Ra2 Bxd7 41. Nxd7 Rxd7 42. Rc2 Rc6 43. Rc4 Rd3 44. Rec1 Kd6 45. e5+ Kxe5 46. Rxc5+ Rxc5 47. Rxc5+ Rd5 48. Rc7 Rb5 49. Rxh7 Rxb3 50. Kg2 Rg3+ 51. Kf2 Ra3 52. Rxb7 Rxa5 53. Re7+ Kf6 54. Rb7 Ra3 55. Rb6+ Ke5 56.
Rb5+ Ke4 57. Rxg5 Ra2+ 58. Kg1 Kf3 59. Rb5 Kg3 60. Rb3+ f3 61. Rb1 Kxh3 62. g5 Rg2+ 63. Kf1 Rh2 64. Rb8 Kg3 65. Rf8 Ra2 66.
Ke1 f2+ 67. Kf1 Ra1+ 68. Ke2 Re1+ 69. Kd2 f1=Q 0-1

[Event "15. ročník Dobrovický rapid Tereos TTD a.s."]
[Site "Dobrovice, Czech Republic"]
[Date "2020.02.29"]
[Round "5.9"]
[White "Groh Jiri"]
[Black "Jacek Miloslav"]
[Result "1-0"]
[TimeControl "15m + 3s / tah"]
[WhiteElo "2031"]
[BlackElo "1977"]

1. Nf3 c5 2. c4 g6 3. g3 Bg7 4. Bg2 Nc6 5. O-O e5 6.
Nc3 Nge7 7. e3 O-O 8. d4 exd4 9. exd4 d6 10. dxc5 dxc5 11. Be3 Nd4 12. Nd5 Bg4 13. Re1 Nxd5 14.
cxd5 Qd7 15. h3 Bxh3 16. Bxh3 Qxh3 17. Nxd4 cxd4 18. Bxd4 Qd7 19. Bxg7 Kxg7 20. Qd4+ Kg8 21. d6 Rfe8 22.
Red1 Re6 23. Rac1 Rae8 24. Rc7 Re1+ 25. Rxe1 Rxe1+ 26. Kg2 Qb5 27. Rc8+ Re8 28. d7 1-0

[Event "15. ročník Dobrovický rapid Tereos TTD a.s."]
[Site "Dobrovice, Czech Republic"]
[Date "2020.02.29"]
[Round "5.10"]
[White "Vavrinec Tomas"]
[Black "Kykal Vojtech"]
[Result "1-0"]
[TimeControl "15m + 3s / tah"]
[WhiteElo "2025"]
[BlackElo "1955"]

1. c4 c6 2. Nf3 d5 3. g3 Nf6 4. Bg2 Bf5 5. b3 e6 6. Bb2 Be7 7. O-O O-O 8. d3 Nbd7 9. Nbd2 Nc5 10.
b4 Ncd7 11. a3 a5 12. Qb3 Qb6 13. Nd4 Bg4 14. c5 Qc7 15. Rfc1 Rfe8 16. e4 e5 17. Nf5 Bf8 18. Ne3 d4 19.
Nxg4 Nxg4 20. Bh3 Ngf6 21. Nc4 g6 22. Nxa5 Nxc5 23. Qd1 Ncd7 24. Nc4 Nb6 25. Nxb6 Qxb6 26. Rc4 c5 27. Rb1 cxb4 28. axb4 Qb5 29. Qf3 Kg7 30.
Bc1 h6 31. Bxh6+ Kxh6 32. Qxf6 Be7 33. Qxf7 Bd6 34. Bd7 Re7 35. Qxe7 Kg7 1-0

[Event "15. ročník Dobrovický rapid Tereos TTD a.s."]
[Site "Dobrovice, Czech Republic"]
[Date "2020.02.29"]
[Round "5.11"]
[White "Kopecky Jiri"]
[Black "Janicek Jindrich"]
[Result "0-1"]
[TimeControl "15m + 3s / tah"]
[WhiteElo "1927"]
[BlackElo "2022"]

1. e4 c5 2. c3 d6 3. d4 Nf6 4. Bd3 Nc6 5. Nf3 Bg4 6. Be3 Qb6 7. dxc5 Qxb2 8. Nbd2 Qxc3 9. Be2 Nxe4 10.
Rc1 Qa5 11. cxd6 exd6 12. O-O Nc3 13. Qe1 Nxe2+ 14. Qxe2 Be7 15. Bg5 Qxg5 16. Qd1 0-1

[Event "15. ročník Dobrovický rapid Tereos TTD a.s."]
[Site "Dobrovice, Czech Republic"]
[Date "2020.02.29"]
[Round "5.12"]
[White "Joukl Zdenek"]
[Black "Korinek Pavel"]
[Result "1-0"]
[TimeControl "15m + 3s / tah"]
[WhiteElo "2022"]
[BlackElo "1950"]

1. d4 Nf6 2. Nf3 g6 3. Bf4 Bg7 4. Nbd2 d6 5. e3 O-O 6. Bc4 d5 7. Bd3 Nbd7 8. h3 c5 9. c3 b6 10.
a4 Bb7 11. a5 Re8 12. a6 Bc6 13. O-O Qc8 14. Re1 e6 15. b4 c4 16. Bc2 Bb5 17. e4 Bxa6 18. g4 Nxe4 19. Nxe4 dxe4 20.
Bxe4 Bb7 21. Ng5 Nf6 22. Bg2 Bxg2 23. Kxg2 Qb7+ 24. f3 Nd5 25. Bd2 a5 26. bxa5 Rxa5 27. Rxa5 bxa5 28. Qa4 Rc8 29.
Ne4 Qb2 30. Kg1 f5 31. Qd7 Rf8 32. Qxe6+ Kh8 33. Bc1 Qc2 34. gxf5 gxf5 35. Bh6 Bxh6 36. Qxh6 Rg8+ 37. Ng5 f4 38. Kh1 Qg6 39. Qxg6 Rxg6 40. Nf7+ Kg7 41.
Ne5 Rg3 42. Kh2 Ne3 43.
Ra1 1-0

[Event "15. ročník Dobrovický rapid Tereos TTD a.s."]
[Site "Dobrovice, Czech Republic"]
[Date "2020.02.29"]
[Round "5.13"]
[White "Kykal Zbynek"]
[Black "Spirek Adam"]
[Result "0-1"]
[TimeControl "15m + 3s / tah"]
[WhiteElo "1827"]
[BlackElo "2015"]

1. d4 Nf6 2. Bf4 c5 3. c3 Qb6 4. Qb3 Qxb3 5. axb3 cxd4 6. cxd4 Nc6 7. e3 Nb4 8. Na3 Nh5 9. Bg3 Nxg3 10.
hxg3 d5 11. Rc1 a6 12. Nf3 Bf5 13.
Kd2 f6 14. Nh4 Be6 15. Ng6 Rg8 16. Nf4 Bf5 17. Nd3 Nxd3 18. Bxd3 Bxd3 19. Kxd3 h6 20. Nb1 Kd7 21. Nc3 e6 22.
Na4 Rb8 23. Rc2 b5 24. Nc5+ Bxc5 25. Rxc5 Rgc8 26. b4 Rxc5 27. bxc5 a5 28. Ra1 Ra8 29. Kc3 Kc6 30. b3 b4+ 31.
Kd3 Kb5 32. f3 e5 33. dxe5 fxe5 34. f4 exf4 35. gxf4 Kxc5 36. e4 dxe4+ 37. Kxe4 Kb5 38.
Kd4 a4 39. bxa4+ Rxa4 40. Rb1 Ra2 41. g4 Rg2 42. g5 hxg5 43. fxg5 Rxg5 44. Rb3 Rg4+ 45. Kd5 Ka4 46. Rb1 b3 47. Kc5 Ka3 48. Rh1 b2 49. Rh3+ Ka2 50. Rh2 Ka1 0-1

[Event "15. ročník Dobrovický rapid Tereos TTD a.s."]
[Site "Dobrovice, Czech Republic"]
[Date "2020.02.29"]
[Round "5.14"]
[White "Gombala Marek"]
[Black "Sulc Jakub"]
[Result "0-1"]
[TimeControl "15m + 3s / tah"]
[WhiteElo "2009"]
[BlackElo "1754"]

1. d4 Nf6 2. Nf3 e6 3. c3 b6 4.
Bg5 Bb7 5. Nbd2 Be7 6. e3 Ne4 7. Bxe7 Qxe7 8. Nxe4 Bxe4 9. Be2 d6 10. O-O Nd7 11. Rc1 O-O 12. Nd2 Bb7 13. Bd3 f5 14.
Bb1 Rf6 15. f3 Rh6 16. Qe1 Qg5 17. Qf2 Qh5 18. h3 Rf8 19. Rfe1 g5 20. Kf1 g4 21. Ke2 e5 22. Qg3 Kh8 23.
hxg4 fxg4 24. fxg4 Rg8 25. gxh5 Rxg3 26. Rf1 Rxg2+ 27. Rf2 Rxf2+ 28. Kxf2 Rxh5 29. Rf1 Rh6 30. Ke1 exd4 31. cxd4 Rf6 32.
Rg1 Re6 33. Kf2 Nf6 34. Bf5 Re7 35. Rc1 c5 36. Nc4 Ne8 37. Kg3 Bd5 38. Kf4 Bxc4 39. Rxc4 Nf6 40. dxc5 Nd5+ 41. Kf3 Rxe3+ 42. Kf2 bxc5 43. Be4 Nb6 44. Kxe3 Nxc4+ 45. Ke2 Nxb2 46. Bd5 Na4 47. Kd2 Nb6 48. Bf3 Kg7 49. Bd1 Kf6 50. a4 a5 51. Bc2 h5 52. Ke3 Ke5 53. Bd1 h4 54. Kf3 Kd4 55.
Kg4 c4 56. Kxh4 Kd3 57. Kg3 Kd2 58.
Bg4 c3 0-1

[ePGN "0.1;DGT LiveChess/2.2.5"]

[Event "15. ročník Dobrovický rapid Tereos TTD a.s."]
[Site "Dobrovice, Czech Republic"]
[Date "2020.02.29"]
[Round "6.1"]
[White "Kourousis Epaminondas"]
[Black "Plat Vojtech"]
[Result "1/2-1/2"]
[TimeControl "15m + 3s / tah"]
[WhiteElo "2406"]
[BlackElo "2553"]

1. d4 Nf6 2. Nf3 g6 3. Bg5 Bg7 4. Nbd2 d6 5. c3 O-O 6. e4 c5 7. dxc5 dxc5 8. Be2 Nc6 9. O-O Bg4 10.
Qc2 h6 11. Bh4 Nh5 12. h3 Nf4 13. Bc4 Be6 14. Bg3 Bxc4 15. Nxc4 Qd3 16. Qxd3 Nxd3 17. a4 e5 18. Rfd1 Rad8 19. Bh4 f6 20. Rd2 Nf4 21. Rad1 Rxd2 22. Rxd2 Rd8 23. Kf1 Rxd2 24. Nfxd2 Kf8 25. f3 Ke7 26. Bf2 Nd3 27.
Ke2 Nxf2 28. Kxf2 h5 29. Ke2 Bh6 30. Nf1 Ke6 31. Nfe3 Ne7 32. g4 hxg4 33. hxg4 Bg7 34. Nd2 1/2-1/2

[Event "15. ročník Dobrovický rapid Tereos TTD a.s."]
[Site "Dobrovice, Czech Republic"]
[Date "2020.02.29"]
[Round "6.2"]
[White "Burdalev Kirill"]
[Black "Sorm Daniel"]
[Result "0-1"]
[TimeControl "15m + 3s / tah"]
[WhiteElo "2334"]
[BlackElo "2310"]

1. d4 d5 2. Bf4 Nf6 3. Nc3 e6 4. Nb5 Na6 5. e3 c6 6. Nc3 b6 7. Nf3 Bd6 8. Ne5 Nb8 9. Bd3 Qc7 10. Qf3 Ba6 11. O-O O-O 12. Rac1 Nfd7 13.
Nxd7 Qxd7 14. Ne2 Bxf4 15. Qxf4 Bxd3 16. cxd3 Na6 17. e4 Rac8 18. a3 c5 19. e5 cxd4 20. Nxd4 Rxc1 21. Rxc1 Rc8 22. b4 Nb8 23. Qd2 Nc6 24.
Qc3 Ne7 25. Qb2 h6 26. Rc3 Ng6 27. Ne2 Rxc3 28. Qxc3 Qa4 29. f4 Nh4 30. Qc1 Qb3 31. d4 Qd3 32. Qe1 Nf5 33. Qf2 Ne3 34. h3 Qd1+ 35. Kh2 Nf1+ 36.
Kg1 Ng3+ 37. Kh2 Nxe2 38. f5 Nxd4 39. f6 Nf5 40. g4 Nd4 41. fxg7 Qe2 42. Qxe2 Nxe2 0-1

[Event "15. ročník Dobrovický rapid Tereos TTD a.s."]
[Site "Dobrovice, Czech Republic"]
[Date "2020.02.29"]
[Round "6.3"]
[White "Zwardon Vojtech"]
[Black "Vavrinec Tomas"]
[Result "1-0"]
[TimeControl "15m + 3s / tah"]
[WhiteElo "2460"]
[BlackElo "2025"]

1. c4 c5 2. g3 Nf6 3. Bg2 g6 4. Nc3 Bg7 5. d3 Nc6 6.
Bg5 h6 7. Bd2 O-O 8. Qc1 Kh7 9. h4 d6 10.
h5 gxh5 11. Nd5 Bf5 12. Nxf6+ exf6 13. Bxh6 Bg6 14. Bf4 Rh8 15. Qd2 Rb8 16. Nf3 Ne5 17. Nh4 b5 18. b3 Qe7 19. Kf1 Kg8 20.
Bd5 Kf8 21. Rd1 Ng4 22. Kg2 Re8 23. cxb5 Qxe2 24. Nxg6+ fxg6 25. Bxd6+ 1-0

[Event "15. ročník Dobrovický rapid Tereos TTD a.s."]
[Site "Dobrovice, Czech Republic"]
[Date "2020.02.29"]
[Round "6.4"]
[White "Janicek Jindrich"]
[Black "Suran Jan"]
[Result "1/2-1/2"]
[TimeControl "15m + 3s / tah"]
[WhiteElo "2022"]
[BlackElo "2335"]

1. Nf3 g6 2. c4 Bg7 3. Nc3 e5 4. d3 d6 5. e3 f5 6. Be2 Nf6 7. O-O O-O 8. Qc2 Nc6 9. a3 h6 10. Re1 Be6 11. Rb1 Qd7 12. b4 g5 13.
Nd2 Ne7 14. b5 g4 15. Bf1 h5 16. a4 h4 17. Bb2 g3 18. fxg3 hxg3 19. h3 Ng6 20. d4 Nh4 21. d5 Bf7 22.
Bd3 Bh6 23. Nd1 Nh5 24. Be2 f4 25. Bg4 Qe7 26. e4 Nf6 27. Bf3 Bg6 28. Qd3 Qh7 29. Nc3 Nxf3+ 30. Nxf3 Nd7 31. Ba3 Bh5 32. Rbc1 b6 33. Bb4 Qe7 34. Ra1 a5 35. bxa6 Nc5 36. Bxc5 bxc5 37. Reb1 Rxa6 38. Rb7 Rfa8 39.
Rab1 R6a7 40. R1b5 Bf8 41. Rxa7 Rxa7 42. Rb8 Be8 43. Qc2 Bh5 44. Qd3 Kg7 45.
Rb1 Qe8 46. Nh4 Kf6 47. Nf3 Be7 48. Rb2 Kg7 49. Rb1 Qa8 50. Rb2 Be8 51. Qc2 Rb7 52. Nb5 Bd8 53. Qd1 Rb6 54. Qc2 Ra6 55.
Ra2 Bh5 56. Nd2 Be8 57. Nf3 Bg6 58. Nd2 Ra5 59. Kf1 Bh5 60. Kg1 Ra6 61. Kf1 Ra5 62. Kg1 Ra6 63. Kf1 Ra5 64. Kg1
Ra6 65. Kf1 1/2-1/2

[Event "15. ročník Dobrovický rapid Tereos TTD a.s."]
[Site "Dobrovice, Czech Republic"]
[Date "2020.02.29"]
[Round "6.5"]
[White "Spirek Adam"]
[Black "Hosticka Frantisek"]
[Result "0-1"]
[TimeControl "15m + 3s / tah"]
[WhiteElo "2015"]
[BlackElo "2106"]

1. e4 Nf6 2. e5 Nd5 3. d4 d6 4. Nf3 Bg4 5. Be2 c6 6. c4 Nb6 7. exd6 exd6 8.
b3 Be7 9. h3 Bxf3 10. Bxf3 d5 11. c5 Nc8 12. O-O O-O 13. Bf4 Bf6 14. Re1 Nd7 15. b4 a5 16. b5 Nxc5 17. bxc6 bxc6 18. Nc3 Ne6 19. Be5 Nb6 20.
Rc1 Rc8 21. Na4 Nc4 22. Rxc4 dxc4 23. Bxf6 Qxf6 24. Nb6 Rcd8 25. Bxc6 Nf4 26. d5 Nd3 27. Re2 Nf4 28. Rd2 c3 29.
Rc2 Qxc6 30. Qf3 Qxb6 0-1

[Event "15. ročník Dobrovický rapid Tereos TTD a.s."]
[Site "Dobrovice, Czech Republic"]
[Date "2020.02.29"]
[Round "6.6"]
[White "Kaderabek Jiri"]
[Black "Joukl Zdenek"]
[Result "1-0"]
[TimeControl "15m + 3s / tah"]
[WhiteElo "2105"]
[BlackElo "2022"]

1. c4 e5 2. Nc3 Nc6 3. Nf3 Nf6 4. e3 d6 5. d4 Bg4 6. d5 e4 7. dxc6 exf3 8. cxb7 Rb8 9. gxf3 Bd7 10.
b3 Rxb7 11. Bb2 Be7 12. Rg1 Kf8 13. Qd4 a5 14. Bd3 a4 15. Bc2 h6 16. Ke2 Rg8 17. Rg2 c5 18. Qd3 g6 19. Rd1 Bf5 20.
Ne4 Bxe4 21. fxe4 axb3 22. axb3 Qc7 23. Bxf6 Bxf6 24. Qxd6+ Qxd6 25. Rxd6 Be7 26. Ra6 Kg7 27. f4 Rd8 28.
f5 g5 29. e5 Rc7 1-0

[Event "15. ročník Dobrovický rapid Tereos TTD a.s."]
[Site "Dobrovice, Czech Republic"]
[Date "2020.02.29"]
[Round "6.7"]
[White "Pesek Radomir"]
[Black "Zahorbensky Jaroslav"]
[Result "0-1"]
[TimeControl "15m + 3s / tah"]
[WhiteElo "1999"]
[BlackElo "2105"]

1. c4 e5 2. Nc3 Nf6 3. g3 Bb4 4.
Bg2 Bxc3 5. bxc3 O-O 6. Nf3 Re8 7. d3 Nc6 8. O-O b6 9. Ba3 Bb7 10. c5 e4 11. Ng5 Na5 12. Bb4 h6 13.
Bxa5 hxg5 14. Bb4 a5 15. Ba3 b5 16. Qd2 g4 17. Bb2 Qe7 18. d4 e3 19. fxe3 Bxg2 20. Kxg2 Qxe3 21. Qxe3 Rxe3 22.
Rae1 Rae8 23. Kf2 Nd5 24. Bc1 Rxc3 25. Bd2 Rc2 26. Bxa5 Ra8 27. Bxc7 Nxc7 28. Rb1 Raxa2 29. Rfe1 0-1

[Event "15. ročník Dobrovický rapid Tereos TTD a.s."]
[Site "Dobrovice, Czech Republic"]
[Date "2020.02.29"]
[Round "6.8"]
[White "Sulc Jakub"]
[Black "Groh Jiri"]
[Result "1-0"]
[TimeControl "15m + 3s / tah"]
[WhiteElo "1754"]
[BlackElo "2031"]

1. e4 c5 2. Nc3 Nc6 3. g3 g6 4. Bg2 Bg7 5. Nge2 e6 6. O-O Nge7 7. d3 O-O 8. f4 f5 9. e5 d6 10. exd6 Qxd6 11. Be3 b6 12.
d4 cxd4 13. Nxd4 Bxd4 14. Bxd4 Ba6 15. Re1 Qxd4+ 16. Qxd4 Nxd4 17. Bxa8 Rxa8 18. Red1 Nec6 19. Rac1 Be2 20. Re1 Nf3+ 21.
Kf2 Nxe1 22. Nxe2 e5 23. fxe5 Re8 24. Rxe1 Rxe5 25. c3 Ra5 26. Nc1 Ne5 27. h3 Kf7 28. b3 Rd5 29. c4 Rc5 30. Ke3 Kf6 31. Nd3 Nxd3 32.
Kxd3 g5 33. Re8 Rc7 34. Ke3 Rd7 35. Ke2 h6 36. Rh8 Kg7 37. Re8 h5 38. Re6 Rf7 39. Kf3 g4+ 40. Kg2 Rd7 41. Re2 Kf6 42.
hxg4 hxg4 43. Kf2 Rd3 44. Kg2 Rd1 45. Kf2 Kg5 46. Kg2 Rd7 47. Rf2 Kf6 48. Re2 Rc7 49. Kf2 Rh7 50. Kg2 Rc7 51.
Kf2 Rc5 52. Rd2 Ke5 53. Ke3 Ke6 54.
Kf2 Ra5 55. Ke3 Re5+ 56. Kf2 Kf6 57. Rd7 Ra5 58. a4 Ke6 59. Rb7 Kd6 60. Rf7 a6 61. Ke3 Re5+ 62. Kd4 Re4+ 63. Kd3 Re5 64.
Rf6+ Kc5 65. Rg6 a5 66. Rf6 f4 67. Rxf4 Rg5 68. Rf6 Rh5 69. Rg6 Rh1 70. Kc2 Rh2+ 71. Kc3 Rh1 72. Rxg4 Rc1+ 73. Kb2 Rg1 74. Rg5+ Kc6 75. g4 Rg3 76. Rg6+ Kc7 77.
g5 Kd7 78. Rxb6 Rxg5 79. Rb5 Rg2+ 80. Ka3 Kc6 81. Rxa5 Rg1 82. Rd5 Rg2 83. Kb4 Rg8 84. Rh5 Rb8+ 85. Kc3 Rg8 86. Rh6+ Kc7 87. a5 Rg3+ 88. Kb4 Rf3 89. Ka4 Rf1 90. b4 Rc1 91. c5 Rc3 92. Kb5 Rg3 93. Rh7+ Kc8 94. Kb6 Rg4 95.
b5 Rg6+ 96. c6 Rg8 97. a6 Kb8 98. Rd7 Ka8 99. c7 Rg6+ 100. Ka5 Rxa6+ 101. bxa6 Ka7 102. c8=Q# 1-0

[Event "15. ročník Dobrovický rapid Tereos TTD a.s."]
[Site "Dobrovice, Czech Republic"]
[Date "2020.02.29"]
[Round "6.9"]
[White "Postupa Pavel ml."]
[Black "Danek Pavel"]
[Result "1-0"]
[TimeControl "15m + 3s / tah"]
[WhiteElo "2164"]
[BlackElo "1844"]

1. e4 e6 2. d4 d5 3. Nd2 dxe4 4. Nxe4 Nd7 5. Nf3 Be7 6. Bd3 Ngf6 7. O-O O-O 8. Qe2 Nxe4 9. Qxe4 Nf6 10. Qe2 b6 11. Bf4 Bb7 12.
Rfd1 Nh5 13. Bd2 Qd6 14. Be4 Bxe4 15. Qxe4 Qd5 16. Qe2 Qf5 17. Ne5 Nf4 18. Qf3 Nd5 19. Qxf5 exf5 20. c4 Nf6 21.
Bg5 Nd5 22. Bd2 Nf6 23. Bc3 Ne4 24. Nc6 Bd6 25. Be1 Bf4 26. Ne7+ Kh8 27. Nxf5 Rfe8 28. Ng3 Bxg3 29. hxg3 Nd6 30. c5 Nc4 31. b3 Na3 32. cxb6 axb6 33. Rac1 Re2 34. Rxc7 Nc2 35.
Kf1 Rae8 36. Bc3 f6 37. d5 h6 38. d6 Na3 1-0

[Event "15. ročník Dobrovický rapid Tereos TTD a.s."]
[Site "Dobrovice, Czech Republic"]
[Date "2020.02.29"]
[Round "6.10"]
[White "Velicka Petr"]
[Black "Janacek Jaroslav"]
[Result "1-0"]
[TimeControl "15m + 3s / tah"]
[WhiteElo "2395"]
[BlackElo "1979"]

1. e4 d6 2. d4 Nf6 3.
Nc3 e5 4. Nf3 Be7 5. Bc4 Nbd7 6.
O-O c6 7. a4 Qc7 8. Re1 h6 9. h3 a5 10. Ba2 Nf8 11. dxe5 dxe5 12. Nh4 g6 13. Nf3 g5 14. Nh2 Ng6 15.
Ng4 Nxg4 16. hxg4 Kf8 17. Qf3 f6 18. Nd1 Nh4 19. Qg3 h5 20. gxh5 Rxh5 21. Qb3 Bb4 22. Qg8+ Ke7 23. c3 Nxg2 24.
Qf7+ Kd8 25. Qxc7+ Kxc7 26. Kxg2 Bh3+ 27. Kf3 g4+ 28. Ke2 Bc5 29. Be3 Be7 30. Rg1 Rd8 31. Be6 Rh4 32. Bf5 Rg8 33.
Rg3 b6 34. Bd2 b5 35. Ne3 Bc5 36. axb5 cxb5 37. Rxa5 Kb6 38. b4 Bf1+ 39. Nxf1 Rh1 1-0

[Event "15. ročník Dobrovický rapid Tereos TTD a.s."]
[Site "Dobrovice, Czech Republic"]
[Date "2020.02.29"]
[Round "6.11"]
[White "Toman Jan"]
[Black "Vranova Zdenka"]
[Result "0-1"]
[TimeControl "15m + 3s / tah"]
[WhiteElo "2088"]
[BlackElo "1970"]

1. Nf3 Nf6 2. g3 g6 3. Bg2 Bg7 4. O-O O-O 5. d3 d6 6. e4 e5 7. a4 c6 8. a5 Nbd7 9. h3 Nc5 10. Bg5 Qc7 11. Qc1 Re8 12.
Nc3 Ne6 13. Be3 Bd7 14. Bh6 Bh8 15. Nd1 d5 16. Re1 dxe4 17. dxe4 Nc5 18. Nc3 Na6 19. Bf1 Nb4 20. Kh2 a6 21.
Nd2 c5 22. Nc4 Be6 23. Be3 Rad8 24. Nb6 Qc6 25. Bg2 Nd7 26. Nca4 Nxb6 27. Nxb6 Bf6 28. f4 exf4 29. gxf4 Bd4 30.
Bd2 Bxb2 31. Qxb2 Rxd2 32. Rac1 Red8 33. Qc3 Na2 34. Qe3 Nxc1 35. Rxc1 R8d4 36. f5 Bxf5 37. Nd5 Qd6+ 38. Kh1 Bxe4 39. Nf4 Bxg2+ 40. Nxg2 Qc6 41. Qg3 Rd1+ 42. Rxd1 Rxd1+ 43. Kh2 Qd6 44. Nf4 Rd4 45. Nd3 Qxg3+ 46. Kxg3 Rc4 47. Ne1 Ra4 0-1

[Event "15. ročník Dobrovický rapid Tereos TTD a.s."]
[Site "Dobrovice, Czech Republic"]
[Date "2020.02.29"]
[Round "6.12"]
[White "Zemlicka Vit"]
[Black "Szeko Ludovit"]
[Result "0-1"]
[TimeControl "15m + 3s / tah"]
[WhiteElo "1915"]
[BlackElo "2051"]

1. e4 Nf6 2. e5 Ng8 3. d4 d6 4. Nf3 Bg4 5. Be2 Nc6 6. O-O dxe5 7. dxe5 Qxd1 8. Rxd1 e6 9. Bf4 Nge7 10. h3 Bh5 11. Nc3 Nb4 12.
Nb5 Na6 13. c4 Nc6 14. a3 Be7 15. b4 Rd8 16. Nc3 Rxd1+ 17. Rxd1 Nab8 18. Nb5 Bd8 19. Nfd4 Bxe2 20. Nxe2 O-O 21.
Ned4 a6 22. Nxc6 Nxc6 23. Nd4 Nb8 24. Nb3 Be7 25. Be3 f6 26. Bc5 Kf7 27. f4 b6 28. Be3 Rd8 29. Rxd8 Bxd8 30. Kf2 f5 31.
b5 Be7 32. a4 Ke8 33. g4 g6 34. Ke2 axb5 35. axb5 Nd7 36. Kd3 Kf7 37. Ke2 Bb4 38. Bd2 Be7 39. Be3 Bf8 40. Kf3 Bg7 41.
g5 Bxe5 42. fxe5 Nxe5+ 43. Ke2 Nxc4 44. Bf4 e5 45. Kd3 Na3 46. Bxe5 Nxb5 47. Kc4 Ke6 48. Nd4+ Nxd4 49. Bxd4 f4 50. Kd3 Kf5 51. Bf6 h6 52.
h4 hxg5 53. hxg5 c6 54. Kd4 Kg4 55. Ke5 f3 0-1